 Dungeon Crawl Stone Soup version 0.31-a0-590-g8a5a4361df (webtiles) character file.

Game seed: 16195370644522626076

10090 randomguy2701 the Zephyrmancer (level 11, -6/56 HPs)
             Began as a Tengu Air Elementalist on Aug 20, 2023.
             Was an Initiate of Gozag.
             Mangled by a green very ugly thing (15 damage)
             ... on level 3 of the Abyss.
             The game lasted 00:30:22 (15325 turns).

randomguy2701 the Zephyrmancer (TeAE)              Turns: 15325, Time: 00:30:25

Health: -6/56      AC:  5    Str:  5    XL:     11   Next: 56%
Magic:  28/28      EV: 15    Int: 15    God:    Gozag
Gold:   1502       SH:  5    Dex: 15    Spells: 26/34 levels left

rFire   . . .        (no weapon)
rCold   . . .        (no shield)
rNeg    . . .        D - +0 steam dragon scales
rPois   +            (helmet restricted)
rElec   .            (no cloak)
rCorr   .            (no gloves)
SInv    .            (boots unavailable)
Will    .....        u - amulet of reflection
Stlth   +++          d - ring of poison resistance
HPRegen 0.00/turn    x - ring of wizardry
MPRegen 0.21/turn

%: random rage (9%), reflection, wizardry (x1)
@: sluggish, about to teleport, flying quickly and evasively, inhibited regen,
unable to drink, very slow
A: beak, talons 3, nimble flight, [berserk 2], [dopey 2], [inhibited
regeneration], [weak 2], [subdued magic 2], [inability to drink after injury 2]
a: Renounce Religion, Potion Petition, Call Merchant, Bribe Branch


You were on level 3 of the Abyss.
You worshipped Gozag.
Gozag was most pleased with you.
You visited 1 branch of the dungeon, and saw 11 of its levels.
You visited the Abyss 1 time.

You collected 1563 gold pieces.
You paid 61 gold pieces to Gozag.

Inventory:

Hand Weapons
 a - a +0 shortbow
 E - a +0 short sword
 F - a +0 mace
Armour
 D - +0 steam dragon scales (worn)
Jewellery
 d - a ring of poison resistance (left hand)
 m - a ring of willpower
 u - an amulet of reflection (around neck)
 x - a ring of wizardry (right hand)
 y - an amulet of guardian spirit
 B - a ring of positive energy
 O - a ring of ice
 P - a ring of willpower
Wands
 z - a wand of flame (16)
 A - a wand of acid (7)
 J - a wand of charming (3)
 K - a wand of roots (3)
Scrolls
 c - 2 scrolls of fear {unknown}
 e - a scroll of teleportation
 f - 2 scrolls of enchant weapon {unknown}
 g - 2 scrolls of immolation {unknown}
 i - 2 scrolls of enchant armour {unknown}
 j - 5 scrolls of noise
 l - 2 scrolls of fog
 o - a scroll of amnesia {unknown}
 p - 4 scrolls of vulnerability
 C - a scroll of revelation {unknown}
 I - a scroll of silence {unknown}
 L - 6 scrolls of identify
Potions
 b - a potion of magic
 h - 4 potions of lignification
 k - a potion of invisibility {unknown}
 n - 2 potions of berserk rage {unknown}
 q - 4 potions of curing
 r - a potion of haste
 s - 2 potions of cancellation {unknown}
 t - 2 potions of ambrosia {unknown}
 v - 2 potions of brilliance {unknown}
 w - 3 potions of enlightenment {unknown}
 G - 2 potions of heal wounds {unknown}
 H - a potion of mutation {unknown}
 M - a potion of might {unknown}
 N - 2 potions of attraction {unknown}


   Skills:
 + Level 1.3 Fighting
 + Level 3.3 Dodging
 + Level 3.8 Stealth
 + Level 1.0 Shields
 + Level 12.3 Spellcasting
 + Level 5.7 Conjurations
 + Level 13.8 Air Magic


You had 26 spell levels left.
You knew the following spells:

 Your Spells              Type           Power      Damage    Failure   Level
a - Shock                 Conj/Air       96%        1d9       1%          1
b - Airstrike             Air            15%        2d(3-19)  1%          4
c - Swiftness             Air            31%        N/A       0%          3

Your spell library contained the following spells:

 Spells                   Type           Power      Damage    Failure   Level
 Freeze                   Ice            20%        1d4       1%          1
 Static Discharge         Conj/Air       48%        2-4/arc   1%          2
 Hailstorm                Conj/Ice       11%        3d5       1%          3
 Scorch                   Fire           10%        2d5       3%          2
 Sublimation of Blood     Necr           5%         N/A       3%          2
 Wereblood                Tmut           5%         N/A       3%          2
 Silence                  Hex/Air        9%         N/A       3%          5
 Frozen Ramparts          Ice            10%        1d2       6%          3
 Flame Wave               Conj/Fire      11%        2d6       7%          4
 Passage of Golubria      Tloc           5%         N/A       22%         4
 Summon Cactus Giant      Summ           2%         N/A       98%         6
 Summon Hydra             Summ           2%         N/A       100%        7
 Lehudib's Crystal Spear  Conj/Erth      5%         10d3      100%        8


Dungeon Overview and Level Annotations

Branches:
Dungeon (11/15)            Temple (0/1) D:6            Lair (0/5) D:11
    Orc (0/2) D:11

Altars:
Ashenzari
Cheibriados
Dithmenos
Elyvilon
Gozag
Kikubaaqudgha
Okawaru
Uskayaw
Vehumet
Xom
Zin
The Shining One

Shops:
D:2 [   D:9 !


Innate Abilities, Weirdness & Mutations

You have a beak for a mouth.
You have claws for feet.
Your magical nature lets you fly swiftly and evasively.
[You have an uncontrollable temper.]
[You are very dopey. (Int -4)]
[You do not regenerate when monsters are visible.]
[You are very weak. (Str -4)]
[Your spells are easier to cast, but less powerful.]
[You sometimes lose the ability to drink potions when taking damage.]


Message History

The wretched star moves out of view.
A human comes into view.
The wretched star pulses with an eldritch light!
You feel stupid. x2
A lurking horror comes into view.
The wretched star pulses with an eldritch light!
You feel a little pissed off.
You feel extremely angry at everything!
Your connection to magic feels subdued.
Your connection to magic feels more subdued.
The wretched star pulses with an eldritch light!
Your regeneration stops near monsters.
Casting: Airstrike (safe; 1% risk of failure)
Confirm with . or Enter, or press ? or * to list all spells.
You feel quick.
A hornet comes into view.
The wretched star pulses with an eldritch light!
You feel weaker. x2
Found a corrupted altar of Lugonu.
Found a corrupted altar of Lugonu.
A green very ugly thing comes into view.
Found a corrupted altar of Lugonu.
You start to feel a little slower.
You feel sluggish.
As you read the scroll of teleportation, it crumbles to dust.
You feel strangely unstable.
You feel the power of the Abyss delaying your translocation!
Your body is wracked with pain!
The green very ugly thing convulses!
The green very ugly thing claws you! The green very ugly thing claws you!
* * * LOW HITPOINT WARNING * * *
A wretched star comes into view.
The green very ugly thing closely misses you.
A ynoxinul comes into view.
A starcursed mass comes into view.
The wretched star pulses with an eldritch light!
You occasionally lose the ability to drink potions when taking damage.
You lose the ability to drink potions when taking damage more often.
The green very ugly thing claws you!
You feel threatened and lose the ability to drink potions!
You die...
Your body crumbles into a pile of gold.

..... ..... .. .....
....# ..###...###...##
...#.....#.....#
.................
..........§.§....
...........3...X.
#....@#.....# ..
##..u###...### _ # ..
..#.....#.....#... . .
............... ....
...
................._...
.. ..*.................
.. ...#.....#.....#...
..
..###...###...###...##
.
...#.....#.....#.....#.


You could see a starcursed mass (wandering), a green very ugly thing, a wretched
star and a ynoxinul (wandering).

Vanquished Creatures
  Erolcha (D:10)
  2 two-headed ogres
  Pikel (D:9)
  Maggie (D:6)
  2 kobold demonologists
  A polar bear (D:11)
  A hornet (D:10)
  Prince Ribbit (D:8)
  A wraith (D:11)
  A vampire (D:11)
  A shadow (D:9)
  2 centaur simulacra (D:11)
  A wyvern (D:8)
  Eustachio (D:6)
  5 humans (D:9)
  5 yaks (D:11)
  An acid dragon (D:11)
  A water moccasin (D:7)
  Duvessa (D:5)
  A swamp drake (D:11)
  3 orc warriors
  A meliai simulacrum (D:11)
  3 ice beasts
  2 sky beasts
  8 centaurs
  2 phantoms
  A kobold brigand (D:9)
  Blork the orc (D:5)
  A gnoll sergeant (D:10)
  3 scorpions
  Dowan (D:5)
  5 killer bees (D:6)
  An electric eel (D:11)
  2 howler monkeys
  3 jellies
  2 hounds
  12 orc priests
  A gnoll bouda (D:7)
  5 iguanas
  A sleepcap (D:5)
  8 orc wizards
  10 gnolls
  7 adders
  2 white imps
  A howler monkey simulacrum (D:11)
  2 ufetubi
  48 orcs
  4 ball pythons
  8 bats
  3 endoplasms
  4 giant cockroaches
  3 goblins
  7 hobgoblins
  10 kobolds
  3 quokkas
  4 frilled lizards
  4 rats
217 creatures vanquished.

Vanquished Creatures (others)
  A lurking horror (Abyss:3)
1 creature vanquished.

Grand Total: 218 creatures vanquished

Notes
Turn   | Place    | Note
-------+----------+-------------------------------------------
     0 | D:1      | randomguy2701 the Tengu Air Elementalist began the quest
                  | for the Orb.
     0 | D:1      | Reached XP level 1. HP: 10/10 MP: 4/4
   216 | D:1      | Reached XP level 2. HP: 5/15 MP: 1/6
  1227 | D:2      | Reached XP level 3. HP: 19/19 MP: 3/7
  1373 | D:2      | Found Huenunen's Antique Armour Boutique.
  1740 | D:2      | Reached skill level 5 in Air Magic
  2239 | D:3      | Reached XP level 4. HP: 24/24 MP: 2/9
  2725 | D:3      | Gained mutation: Your magical nature lets you fly swiftly
                  | and evasively. [Tengu growth]
  2725 | D:3      | Reached XP level 5. HP: 4/28 MP: 1/11
  2851 | D:3      | Found a faded altar of an unknown god.
  3090 | D:3      | Learned a level 4 spell: Airstrike
  3592 | D:4      | Reached XP level 6. HP: 32/32 MP: 2/13
  3755 | D:5      | Entered Level 5 of the Dungeon
  3961 | D:5      | Noticed an ice beast
  4033 | D:5      | Found an opulent altar of Gozag.
  4061 | D:5      | Killed an ice beast
  4062 | D:5      | Reached skill level 5 in Spellcasting
  4062 | D:5      | Reached skill level 6 in Air Magic
  4228 | D:5      | Reached XP level 7. HP: 37/37 MP: 6/16
  4346 | D:5      | Noticed Blork the orc
  4358 | D:5      | Killed Blork the orc
  4809 | D:5      | Reached skill level 7 in Air Magic
  5073 | D:5      | Noticed a wyvern
  5133 | D:5      | Noticed Duvessa
  5133 | D:5      | Noticed Dowan
  5188 | D:5      | Became a worshipper of Gozag Ym Sagoz the Greedy
  5218 | D:5      | Killed Duvessa
  5219 | D:5      | Reached XP level 8. HP: 42/42 MP: 2/18
  5245 | D:5      | Killed Dowan
  5667 | D:6      | Reached skill level 8 in Air Magic
  5820 | D:6      | Reached skill level 1 in Fighting
  5961 | D:6      | Noticed Eustachio
  6120 | D:6      | Found a glowing silver altar of Zin.
  6344 | D:6      | Reached XP level 9. HP: 39/47 MP: 14/22
  6483 | D:6      | Found a staircase to the Ecumenical Temple.
  6708 | D:6      | Noticed Maggie
  6747 | D:6      | Killed Eustachio
  6876 | D:6      | Killed Maggie
  6877 | D:6      | Reached skill level 9 in Air Magic
  8215 | D:7      | Found a snail-covered altar of Cheibriados.
  8223 | D:7      | Found a white marble altar of Elyvilon.
  8836 | D:8      | Reached skill level 10 in Air Magic
  8992 | D:8      | Found a hide-covered altar of Uskayaw.
  9112 | D:8      | Found an ancient bone altar of Kikubaaqudgha.
  9112 | D:8      | Found a shimmering altar of Xom.
  9115 | D:8      | Found a radiant altar of Vehumet.
  9307 | D:8      | Noticed Prince Ribbit
  9309 | D:8      | Found a broken altar of Ashenzari.
  9313 | D:8      | Killed Prince Ribbit
  9314 | D:8      | Reached skill level 10 in Spellcasting
  9649 | D:9      | Noticed Pikel
  9655 | D:9      | Killed Pikel
  9656 | D:9      | Reached XP level 10. HP: 52/52 MP: 7/25
 10038 | D:9      | Reached skill level 11 in Air Magic
 10179 | D:9      | Noticed a two-headed ogre
 10866 | D:9      | Found a glowing golden altar of the Shining One.
 10922 | D:9      | Found Leiju's Distillery.
 11026 | D:9      | Noticed a kobold demonologist
 11050 | D:9      | Killed a kobold demonologist
 11051 | D:9      | Reached skill level 1 in Shields
 11435 | D:9      | Killed a two-headed ogre
 11436 | D:9      | Reached skill level 12 in Air Magic
 11616 | D:10     | Entered Level 10 of the Dungeon
 11620 | D:10     | Found an iron altar of Okawaru.
 11904 | D:10     | Found a shadowy altar of Dithmenos.
 12334 | D:10     | Noticed Erolcha
 12954 | D:10     | Killed Erolcha
 12955 | D:10     | Reached XP level 11. HP: 56/56 MP: 7/27
 13341 | D:11     | Reached skill level 13 in Air Magic
 14242 | D:11     | Found a staircase to the Orcish Mines.
 14416 | D:11     | Reached skill level 5 in Conjurations
 14601 | D:11     | Found a staircase to the Lair.
 14899 | D:11     | Noticed a two-headed ogre
 14904 | D:11     | Killed a two-headed ogre
 15013 | D:11     | Identified the +5 quarterstaff of the Sharing Bear {pain,
                  | rF+}
 15197 | D:11     | Noticed a wizard
 15226 | Abyss:3  | Cast into level 3 of the Abyss (a wizard)
 15237 | Abyss:3  | Learned a level 3 spell: Swiftness
 15261 | Abyss:3  | Noticed a wretched star
 15289 | Abyss:3  | Found a corrupted altar of Lugonu.
 15290 | Abyss:3  | Found a corrupted altar of Lugonu.
 15292 | Abyss:3  | Noticed a green very ugly thing
 15293 | Abyss:3  | Found a corrupted altar of Lugonu.
 15293 | Abyss:3  | Found a corrupted altar of Lugonu.
 15293 | Abyss:3  | Found a corrupted altar of Lugonu.
 15293 | Abyss:3  | Found a corrupted altar of Lugonu.
 15293 | Abyss:3  | Found a corrupted altar of Lugonu.
 15294 | Abyss:3  | Found a corrupted altar of Lugonu.
 15323 | Abyss:3  | Noticed a wretched star
 15325 | Abyss:3  | Noticed a starcursed mass
 15325 | Abyss:3  | Mangled by a green very ugly thing

Illustrated notes

Levels and vault maps discovered:
D:1:      psy_arrival_radial02, layout_loops_ring
D:2:      layout_basic, serial_shops, nicolae_shop_dealshenge, st_stairs_2
D:3:      layout_basic, hellmonk_ecumenical_altar_crossroads
D:4:      layout_cave_pools
D:5:      layout_gridville, lemuel_doored_altar, lightli_corner_chamber,
          uniq_blork_the_orc, uniq_duvessa
D:6:      cheibrodos_quashed, layout_loops_ring, lemuel_tele_altar,
          minmay_temple_entry_poolview, uniq_maggie, uniq_eustachio
D:7:      layout_loops_ring, nicolae_elyvilon_peaceful_grove,
          mainiacjoe_overflow_chevrons
D:8:      layout_cave_pods, mainiacjoe_overflow_tiny_flanked,
          grunt_temple_overflow_open, uniq_prince_ribbit1
D:9:      layout_small_grid, tso_oasis_becter, serial_shops, shop,
          minmay_ruffians, uniq_pikel
D:10:     layout_stronghold, nicolae_dithmenos_shadow_blocks,
          okawaru_ov_weapons_minmay, uniq_erolcha
D:11:     layout_loops_ring, lair_entry_dummy, erik_orc_1, serial_ice,
          serial_ice_b, serial_ice_l, serial_ice_m, serial_ice_c
Abyss:3:  base: D:9, minivault_13, evilmike_abyss_exit_1

Skill      XL: |  1  2  3  4  5  6  7  8  9 10 11 |
---------------+----------------------------------+-----
Air Magic      | 5 6 7 8 10 12 13 | 13.8
Spellcasting   | 3 4 5 6 8 10 11 12 | 12.3
Dodging        | 3 |  3.3
Stealth        | 3 |  3.8
Fighting       | 1 |  1.3
Conjurations   | 3 4 5 |  5.7
Shields        | 1 |  1.0

Action                     |  1- 3 |  4- 6 |  7- 9 | 10-12 || total
---------------------------+-------+-------+-------+-------++-------
  Melee: Unarmed           |    12 |     2 |       |       ||    14
         Kick              |     5 |       |       |       ||     5
         Peck              |     1 |       |       |       ||     1
   Cast: Shock             |    83 |   123 |   216 |   128 ||   550
         Airstrike         |       |     2 |    36 |   100 ||   138
         Swiftness         |       |       |       |     1 ||     1
    Use: Potion            |       |     3 |       |     1 ||     4
         Scroll            |       |       |       |     6 ||     6
 Armour: Robe              |     8 |     2 |     3 |       ||    13
         Steam dragon scal |       |       |       |     7 ||     7
  Dodge: Dodged            |    28 |    25 |    48 |    16 ||   117
  Block: Other             |       |     5 |    13 |     9 ||    27
         Reflection        |       |       |     1 |     5 ||     6

Table legend: (Time is in decaauts)
 A = Elapsed time spent in this place.
 B = Non-inter-level travel time spent in this place.
 C = Inter-level travel time spent in this place.
 D = Time resting spent in this place.
 E = Time spent auto-exploring this place.
 F = Levels seen in this place.
 G = Mean time per level.
                   A        B        C        D        E       F      G
               +--------+--------+--------+--------+--------+-----+--------+
         Total |  14666 |  13948 |    718 |    318 |  11782 |  12 | 1222.2 |
       Dungeon |  14578 |  13860 |    718 |    318 |  11782 |  11 | 1325.3 |
         Abyss |     87 |     87 |      0 |      0 |      0 |   1 |   87.0 |
               +--------+--------+--------+--------+--------+-----+--------+

Top non-repeatable levels by time:
    D:11: 2019 daAuts
     D:9: 1825 daAuts
     D:6: 1756 daAuts
     D:5: 1671 daAuts
     D:2: 1440 daAuts
    D:10: 1341 daAuts
     D:7: 1246 daAuts
     D:8: 1017 daAuts
     D:1: 899 daAuts
     D:3: 689 daAuts
     D:4: 672 daAuts
 Abyss:3: 87 daAuts
